 Dungeon Crawl Stone Soup version 0.21-a0-450-gd87a9b2 (webtiles) character file.

15809 mortelune the Basher (level 12, -5/79 HPs)
             Began as a Gargoyle Fighter on Nov 18, 2017.
             Was a High Priest of Okawaru.
             Slain by a yak (11 damage)
             ... on level 1 of the Lair of Beasts.
             The game lasted 00:57:43 (14784 turns).

mortelune the Basher (Gargoyle Fighter)            Turns: 14784, Time: 00:57:44

Health: -5/79      AC: 13    Str: 23    XL:     12   Next: 30%
Magic:  15/17      EV: 14    Int: 11    God:    Okawaru [*****.]
Gold:   102        SH:  5    Dex: 12    Spells: 9/11 levels left

rFire    . . .     SeeInvis .   a - +6 dire flail (holy)
rCold    . . .     Gourm    .   (shield currently unavailable)
rNeg     + . .     Faith    .   (no armour)
rPois    ∞         Spirit   .   h - +0 helmet
rElec    +         Reflect  +   m - scarf {cloud immunity}
rCorr    +         Harm     .   R - +0 pair of gloves
MR       .....                  y - +0 pair of boots
Stlth    +++.......             I - +5 amulet of reflection
HPRegen  0.23/turn              F - +3 ring of dexterity
MPRegen  0.15/turn              M - ring of resist corrosion

@: about to teleport, heroism
A: negative energy resistance 1, electricity resistance, unbreathing,
petrification resistance, rot immunity, AC +8
a: Heroism, Finesse, Renounce Religion


You were on level 1 of the Lair of Beasts.
You worshipped Okawaru.
Okawaru was extremely pleased with you.
You were very hungry.

You visited 3 branches of the dungeon, and saw 13 of its levels.
You also visited: Labyrinth.

You collected 741 gold pieces.
You spent 639 gold pieces at shops.

Inventory:

Hand Weapons
 a - a +6 dire flail of holy wrath (weapon)
 b - a +0 hunting sling
 W - a +0 morningstar
 X - a +4 war axe of freezing
Missiles
 p - 297 stones (quivered)
 v - 36 poisoned needles
 S - a throwing net
Armour
 c - a +0 shield
 h - a +0 helmet (worn)
 m - a scarf of cloud immunity (worn)
 y - a +0 pair of boots (worn)
 D - the +7 ring mail of the Accordion {Str+3}
   (You found it on level 6 of the Dungeon)

   It affects your strength (+3).
 K - the +3 ring mail "Odepeb" {-Tele rF+++ Int+2}
   (You found it on level 11 of the Dungeon)

   It affects your intelligence (+2).
   It renders you almost immune to fire.
   It prevents most forms of teleportation.
 R - a +0 pair of gloves (worn)
Jewellery
 t - an uncursed ring of wizardry
 F - a +3 ring of dexterity (left hand)
 H - an uncursed ring of magical power
 I - a +5 amulet of reflection (around neck)
 J - an uncursed ring of positive energy
 M - a ring of resist corrosion (right hand)
 U - an uncursed ring of see invisible
Wands
 g - a wand of scattershot (3/9)
 k - a wand of flame (30/48)
 x - a wand of flame (20/48)
 E - a wand of polymorph (14/24)
 Q - a wand of disintegration (2/24)
 V - a wand of iceblast (9/15)
 Y - a wand of flame (26/48)
 Z - a wand of paralysis (15/24)
Scrolls
 j - 6 scrolls of teleportation
 l - 4 scrolls of immolation {unknown}
 o - a scroll of blinking {unknown}
 r - 2 scrolls of magic mapping
 w - a scroll of random uselessness {unknown}
 z - 3 scrolls of remove curse
 A - 2 scrolls of identify
 G - 2 scrolls of fear
 T - a scroll of enchant weapon {unknown}
Potions
 d - 2 potions of haste
 e - a potion of cancellation {unknown}
 u - 5 potions of curing
 B - 3 potions of mutation
 C - a potion of flight
 L - a potion of invisibility
 O - a potion of might
Books
 s - a book of Spatial Translocations

   Spells                             Type                      Level
   a - Blink                          Translocation                2
   b - Shroud of Golubria             Charms/Translocation         2
   c - Lesser Beckoning               Translocation                3
   d - Gell's Gravitas                Translocation                3
   e - Teleport Other                 Translocation                3
   f - Passage of Golubria            Translocation                4
 P - a book of Minor Magic

   Spells                             Type                      Level
   a - Magic Dart                     Conjuration                  1
   b - Blink                          Translocation                2
   c - Call Imp                       Summoning                    2
   d - Slow                           Hexes                        2
   e - Conjure Flame                  Conjuration/Fire             3
   f - Mephitic Cloud                 Conjuration/Poison/Air       3
Comestibles
 f - 7 bread rations
 i - 12 fruits
 n - 13 royal jellies
 q - 5 meat rations


   Skills:
 + Level 10.9(15.9) Fighting
 * Level 12.1(17.1) Maces & Flails
 + Level 10.9(15.9) Armour
 - Level 3.2(8.2) Shields
 + Level 2.4 Translocations
 + Level 7.7 Invocations


You had 9 spell levels left.
You knew the following spells:

 Your Spells              Type           Power        Failure   Level  Hunger
a - Blink                 Tloc           N/A          21%         2    ###....


Dungeon Overview and Level Annotations

Branches:
Dungeon (11/15)            Temple (1/1) D:4            Lair (1/6) D:10
    Orc (0/2) D:10

Altars:
Ashenzari
Dithmenos
Elyvilon
Fedhas
Gozag
Hepliaklqana
Kikubaaqudgha
Makhleb
Nemelex Xobeh
Okawaru
Ru
Uskayaw
Vehumet
Wu Jian
Xom
Yredelemnul
Zin
The Shining One

Shops:
D:5 [   D:11 *

Annotations:
D:5 exclusion: downstairs


Innate Abilities, Weirdness & Mutations

You are resistant to torment.
Your stone body is resilient. (AC +8)
You are immune to poison.
You resist negative energy. (rN+)
You are resistant to electric shocks. (rElec)
You can survive without breathing.
You are immune to petrification.
You are immune to rotting.


Message History

You feel invigorated. The yak gores you but does no damage. The yak gores you!
* * * LOW HITPOINT WARNING * * *
You're too confused!
You bump into the rock wall.
The yak gores you.
* * * LOW HITPOINT WARNING * * *
The yak gores you.
* * * LOW HITPOINT WARNING * * *
You feel better.
You feel less invigorated. The yak gores you.
* * * LOW HITPOINT WARNING * * *
The yak closely misses you.
You gain the combat prowess of a mighty hero.
The yak gores you!
* * * LOW HITPOINT WARNING * * *
You block the yak's attack.
You feel better.
The yak gores you but does no damage. x2
As you read the scroll of teleportation, it crumbles to dust.
You feel strangely unstable. The yak gores you!
* * * LOW HITPOINT WARNING * * *
The yak gores you!
You die...

##.# ##.# ##.# ##.##
### ##..#### #####P#
##.....#####.....#
#........##......#
#..P.....P##...#Y#
....P....P.#...#@#
................Y#
.........###...###
#....[.####....##
.........###...P##
.............†...#
...............Y.#
..>..................
#.....................


You could see 2 yaks.

Vanquished Creatures
  A minotaur (Lab)
  2 two-headed ogres
  The ghost of KristoblXynda the Grappler, a novice TrWr of Cheibriados (D:11)
  An unseen horror (D:10)
  A deep elf mage (D:10)
  A guardian serpent (D:11)
  A black mamba (Lair:1)
  2 gargoyles
  A centaur skeleton (D:11)
  A komodo dragon (Lair:1)
  A hornet (D:8)
  3 trolls
  4 hippogriffs
  17 yaks
  A steam dragon (D:11)
  2 hungry ghosts
  2 soldier ants (D:8)
  Duvessa (D:6)
  A water moccasin (Lair:1)
  2 ice beasts
  A porcupine (Lair:1)
  9 orc warriors
  2 black bears
  An eye of draining (D:10)
  2 sky beasts
  6 ogres
  2 phantoms
  6 centaurs
  A crocodile (Lair:1)
  5 bullfrogs
  A big kobold (D:9)
  A water moccasin zombie (D:9)
  2 scorpions
  A wyvern skeleton (D:10)
  Dowan (D:6)
  3 howler monkeys
  5 crimson imps
  A bullfrog zombie (D:9)
  A quasit (D:8)
  3 hounds
  12 orc priests
  4 jellies
  A centaur zombie (D:10)
  13 orc wizards
  4 iguanas
  9 worker ants
  A hound skeleton (D:8)
  A howler monkey zombie (D:7)
  A worker ant zombie (D:8)
  7 gnolls
  19 adders
  4 shadow imps
  An ooze (D:1)
  2 adder zombies
  7 worms
  2 leopard geckos
  42 orcs
  A ball python (D:1)
  4 giant cockroaches
  6 hobgoblins
  20 jackals
  3 quokkas
  A ball python skeleton (D:6)
  8 bats
  3 frilled lizards
  18 goblins
  2 jackal skeletons
  5 kobolds
  A leopard gecko skeleton (D:4)
  A quokka skeleton (D:6)
  8 rats
311 creatures vanquished.

Vanquished Creatures (others)
  A centaur (D:11)
1 creature vanquished.

Grand Total: 312 creatures vanquished

Notes
Turn   | Place    | Note
-------+----------+-------------------------------------------
     0 | D:1      | mortelune the Gargoyle Fighter began the quest for the Orb.
     0 | D:1      | Reached XP level 1. HP: 14/14 MP: 1/1
    52 | D:1      | Reached XP level 2. HP: 8/19 MP: 2/2
   584 | D:1      | Reached XP level 3. HP: 22/23 MP: 3/3
   874 | D:2      | Reached skill level 3 in Maces & Flails
  1144 | D:2      | Reached XP level 4. HP: 13/29 MP: 4/4
  2119 | D:3      | Reached XP level 5. HP: 32/33 MP: 5/5
  3031 | D:4      | Found a shadowy altar of Dithmenos.
  3031 | D:4      | Found a white marble altar of Elyvilon.
  3286 | D:4      | Noticed an ogre
  3299 | D:4      | Killed an ogre
  3299 | D:4      | Reached skill level 4 in Maces & Flails
  3299 | D:4      | Reached XP level 6. HP: 13/40 MP: 6/6
  3574 | D:4      | Reached skill level 5 in Fighting
  3580 | D:4      | Found a staircase to the Ecumenical Temple.
  3591 | Temple   | Entered the Ecumenical Temple
  3752 | Temple   | Became a worshipper of Warmaster Okawaru
  3849 | D:4      | Reached skill level 5 in Armour
  3955 | D:4      | Found a sparkling altar of Nemelex Xobeh.
  4105 | D:5      | Entered Level 5 of the Dungeon
  4216 | D:5      | Found a burning altar of Makhleb.
  4314 | D:5      | Reached XP level 7. HP: 41/44 MP: 7/7
  4420 | D:5      | Found Laesuol's Armour Emporium.
  4713 | D:5      | Found a sacrificial altar of Ru.
  4715 | D:5      | Found a blossoming altar of Fedhas.
  4869 | D:6      | Got a transparent ring mail
  4880 | D:6      | Identified the +7 ring mail of the Accordion {Str+3} (You found it on level 6 of the Dungeon)
  4915 | D:6      | Noticed Dowan
  4918 | D:6      | Noticed Duvessa
  4956 | D:6      | Killed Dowan
  4956 | D:6      | Reached skill level 5 in Maces & Flails
  5336 | D:5      | Reached * piety under Okawaru
  5498 | D:6      | Killed Duvessa
  5498 | D:6      | Reached XP level 8. HP: 43/52 MP: 8/8
  5613 | D:5      | Reached skill level 6 in Maces & Flails
  5745 | D:6      | Reached ** piety under Okawaru
  6763 | D:7      | Reached XP level 9. HP: 50/58 MP: 9/9
  6814 | D:7      | Reached skill level 7 in Maces & Flails
  7157 | D:7      | Reached skill level 1 in Invocations
  7524 | D:8      | Reached *** piety under Okawaru
  7560 | D:8      | Reached skill level 8 in Maces & Flails
  7615 | D:8      | Received a gift from Okawaru
  7810 | D:8      | Found Wairuq's Jewellery Boutique.
  7833 | D:8      | Found Zin's Purification Station.
  7836 | D:8      | Found a glowing silver altar of Zin.
  7843 | D:8      | Bought 2 potions of curing for 180 gold pieces
  7970 | D:8      | Noticed a two-headed ogre
  7989 | D:8      | Killed a two-headed ogre
  7989 | D:8      | Reached skill level 9 in Maces & Flails
  7989 | D:8      | Reached XP level 10. HP: 41/66 MP: 10/13
  8405 | D:8      | Reached **** piety under Okawaru
  8916 | D:9      | Noticed a two-headed ogre
  8927 | D:9      | Killed a two-headed ogre
  8927 | D:9      | Reached skill level 5 in Invocations
  9230 | D:9      | Reached ***** piety under Okawaru
  9244 | D:9      | Reached skill level 10 in Maces & Flails
  9942 | D:10     | Entered Level 10 of the Dungeon
 10093 | D:10     | Reached XP level 11. HP: 51/72 MP: 15/15
 10228 | D:10     | Found a staircase to the Orcish Mines.
 10379 | D:10     | Found a staircase to the Lair.
 10640 | D:10     | Noticed a deep elf mage
 10655 | D:10     | Reached skill level 10 in Fighting
 10662 | D:10     | Reached skill level 10 in Armour
 10674 | D:10     | Killed a deep elf mage
 10723 | D:10     | Noticed an unseen horror
 10729 | D:10     | Killed an unseen horror
 10729 | D:10     | Received a gift from Okawaru
 10729 | D:10     | Reached skill level 11 in Maces & Flails
 11760 | D:11     | Found a labyrinth entrance.
 11769 | Lab      | Entered a labyrinth
 12808 | Lab      | Noticed a minotaur
 12815 | Lab      | Killed a minotaur
 12848 | Lab      | Got an ichor-stained leather armour
 12907 | D:11     | Learned a level 2 spell: Blink
 13082 | D:11     | Got an ichor-stained ring mail
 13093 | D:11     | Identified the +3 ring mail "Odepeb" {-Tele rF+++ Int+2} (You found it on level 11 of the Dungeon)
 13113 | D:11     | Identified the +3 leather armour "Meri" {rElec rCorr Int+4} (You found it in a labyrinth)
 13308 | D:11     | Noticed KristoblXynda's ghost (novice TrWr)
 13346 | D:11     | Found Pukuemin's Assorted Antiques.
 13375 | D:11     | Killed KristoblXynda's ghost
 13375 | D:11     | Reached skill level 1 in Translocations
 13375 | D:11     | Reached XP level 12. HP: 52/79 MP: 17/17
 13386 | D:11     | Bought a scroll of magic mapping for 119 gold pieces
 13386 | D:11     | Bought a potion of haste for 340 gold pieces
 13738 | D:11     | Received a gift from Okawaru
 14136 | Lair:1   | Entered Level 1 of the Lair of Beasts
 14139 | Lair:1   | Reached skill level 12 in Maces & Flails
 14668 | Lair:1   | Found a shimmering altar of Xom.
 14784 | Lair:1   | Slain by a yak

Vault maps used:
D:1:      minmay_arrival_jagged, hangedman_decor_growths
D:3:      kennysheep_the_goblin_king
D:4:      gammafunk_temple_overflow_elements, kennysheep_mini,
          minmay_temple_entry_statues_pillars
D:5:      lemuel_doored_altar, nicolae_overflow_hidden_temple, serial_shops,
          shop_fountains, first_bread
D:6:      uniq_duvessa
D:7:      nicolae_underground_beach
D:8:      zin_purify, serial_shops, shop, hangedman_pestilent_swarm
D:10:     lair_entry_dummy, erik_orc_3, minmay_checkerbox
D:11:     serial_shops, nicolae_shop_stone, lab_entry_generic,
          nrook_guardian_serpent_ordinary
Temple:   regret_index_temple_generic_petals
Lair:1:   lemuel_centaur_altar, lemuel_fruit_tree
Lab:      labyrinth_watery

Skill      XL: |  1  2  3  4  5  6  7  8  9 10 11 12 |
---------------+-------------------------------------+-----
Maces & Flails | 3 4 5 6 9 10 11 12 | 12.1
Fighting       | 4 5 6 7 9 10 | 10.9
Armour         | 4 5 6 7 8 9 10 | 10.9
Invocations    | 4 5 7 |  7.7
Translocations | 1 2 |  2.4
Shields        | |  3.2

Action                   |  1- 3 |  4- 6 |  7- 9 | 10-12 || total
-------------------------+-------+-------+-------+-------++-------
Melee: Flail             |   165 |   328 |   482 |   425 ||  1400
       War axe           |       |       |       |    80 ||    80
       Morningstar       |       |       |       |   103 ||   103
       Dire flail        |       |       |       |    33 ||    33
 Fire: Hunting sling     |       |     3 |       |       ||     3
Invok: Heroism           |       |       |     5 |     9 ||    14
       Finesse           |       |       |       |     3 ||     3
Evoke: Wand              |       |       |       |     1 ||     1
  Use: Scroll            |       |     6 |     5 |     5 ||    16
       Potion            |       |       |     2 |     3 ||     5
  Eat: Chunk             |       |    12 |    10 |    18 ||    40
       Royal jelly       |       |       |     2 |       ||     2
       Meat ration       |       |       |       |     1 ||     1
Armor: Scale mail        |   123 |   186 |    10 |       ||   319
       Ring mail         |       |       |   210 |   182 ||   392
       Skin              |       |       |       |    25 ||    25
Dodge: Dodged            |    64 |   114 |   108 |   110 ||   396
Block: Shield            |   116 |   170 |   310 |   365 ||   961
       Reflection        |       |       |     4 |    11 ||    15
       Other             |       |       |       |     5 ||     5

Table legend:
 A = Spawn XP
 B = Non-spawn XP
 C = Spawn XP percentage of total XP
 D = Spawn monster count
 E = Non-spawn monster count
 F = Spawn count percentage of total count
 G = Total turns spent on level
                    A         B        C        D         E        F      G
               +---------+---------+-------+---------+---------+-------+---------
         Total |       0 |   22585 |   0.0 |       0 |     312 |   0.0 | 14784
               +---------+---------+-------+---------+---------+-------+---------
           D:1 |       0 |      38 |   0.0 |       0 |      20 |   0.0 |   986
           D:2 |       0 |      79 |   0.0 |       0 |      18 |   0.0 |   861
           D:3 |       0 |     134 |   0.0 |       0 |      38 |   0.0 |  1071
           D:4 |       0 |     192 |   0.0 |       0 |      11 |   0.0 |  1001
           D:5 |       0 |     561 |   0.0 |       0 |      21 |   0.0 |  1199
           D:6 |       0 |    1035 |   0.0 |       0 |      25 |   0.0 |  1158
           D:7 |       0 |    1052 |   0.0 |       0 |      29 |   0.0 |   936
           D:8 |       0 |    3409 |   0.0 |       0 |      35 |   0.0 |  1293
           D:9 |       0 |    2171 |   0.0 |       0 |      19 |   0.0 |  1251
          D:10 |       0 |    5852 |   0.0 |       0 |      57 |   0.0 |  1647
          D:11 |       0 |    4885 |   0.0 |       0 |      29 |   0.0 |  1430
        Lair:1 |       0 |    2079 |   0.0 |       0 |       9 |   0.0 |   648
           Lab |       0 |    1098 |   0.0 |       0 |       1 |   0.0 |  1117
               +---------+---------+-------+---------+---------+-------+---------
